TOP OF THE 1ST |
Chicago Cubs batting - Pitching for San Diego Padres : LHP Ed Vande Berg
|
Pitching: LHP Ed Vande Berg
|
|
Batting: RHB Jim Rice
|
0-0: Ball 1-0: Called Strike 1-1: Ball 2-1: Fly out, F3 (Popup, 3S, EV 70.0 MPH)
|
Batting: LHB Willie Gonzalez
|
0-0: SINGLE (Groundball, 5D, EV 104.4 MPH)
|
Batting: RHB Fran Mullins
|
0-0: Fly out, F7 (Flyball, 7LS, EV 90.6 MPH)
|
Batting: LHB Dave Bergman
|
0-0: Swinging Strike 0-1: Ball 1-1: Ball 2-1: SINGLE (Groundball, 25, EV 70.6 MPH) (infield hit) Willie Gonzalez to second
|
Batting: RHB Gary Ward
|
0-0: Called Strike 0-1: Called Strike 0-2: Ball 1-2: Strikes out swinging
|
Top of the 1st over - 0 runs, 2 hits, 0 errors, 2 left on base; Chicago 0 - San Diego 0 |
BOTTOM OF THE 1ST |
San Diego Padres batting - Pitching for Chicago Cubs : RHP Ray Burris
|
Pitching: RHP Ray Burris
|
|
Batting: RHB Bob Dernier
|
0-0: SINGLE (Groundball, 6MD, EV 108.8 MPH)
|
Batting: RHB Dennis Dungy
|
0-0: Ball 1-0: Called Strike 1-1: Ball 2-1: Called Strike 2-2: Ball 3-2: Base on Balls Bob Dernier to second
|
Batting: LHB Tom Dunbar
|
0-0: Ball 1-0: Ball 2-0: Called Strike 2-1: Ball 3-1: Base on Balls Bob Dernier to third Dennis Dungy to second
|
Batting: RHB Joel Youngblood
|
0-0: Ball 1-0: SINGLE (Line Drive, 89S, EV 109.4 MPH) Bob Dernier scores Dennis Dungy to third Tom Dunbar to second Runner from 3rd tries for Home, SAFE, throw by RF to home
|
Batting: LHB Jerry McDonald
|
0-0: Ball 1-0: Reached on error, E6 (Groundball, 6, EV 83.1 MPH) Tom Dunbar to third Joel Youngblood to second
|
Batting: LHB Darrell Porter
|
0-0: Ball 1-0: Ball 2-0: SINGLE (Line Drive, 34D, EV 101.3 MPH) Tom Dunbar scores Joel Youngblood to third Jerry McDonald to second Runner from 3rd tries for Home, SAFE, throw by RF to home
|
Batting: RHB Mike Calise
|
0-0: Called Strike 0-1: Fielders Choice at 2nd, 6-4 (Groundball, 6, EV 84.4 MPH) Jerry McDonald to third
|
Batting: LHB Jeffrey Zitek
|
0-0: Ball 1-0: Fly out, F8 (Flyball, 89S, EV 81.3 MPH) Runner from 3rd tags up, SCORES, throw by CF
|
Batting: RHB Ed Vande Berg
|
0-0: Ball 1-0: 2-RUN HOME RUN (Flyball, 7D, EV 102.5 MPH), Distance : 375 ft
|
Batting: RHB Bob Dernier
|
0-0: Swinging Strike 0-1: Called Strike 0-2: Ball 1-2: Ball 2-2: SINGLE (Line Drive, 4D, EV 100.6 MPH)
|
Batting: RHB Dennis Dungy
|
0-0: Ball 1-0: Called Strike 1-1: Fly out, F8 (Flyball, 8LD, EV 101.9 MPH)
|
Bottom of the 1st over - 7 runs, 5 hits, 1 error, 1 left on base; Chicago 0 - San Diego 7 |
TOP OF THE 2ND |
Chicago Cubs batting - Pitching for San Diego Padres : LHP Ed Vande Berg
|
Batting: RHB Bob Brenly
|
0-0: Ball 1-0: Ball 2-0: Fly out, F9 (Flyball, 9, EV 73.1 MPH)
|
Batting: LHB Tom Lombarski
|
0-0: Called Strike 0-1: Swinging Strike 0-2: Strikes out looking
|
Batting: RHB Randy Ready
|
0-0: Ball 1-0: SINGLE (Groundball, 6D, EV 100.6 MPH)
|
Batting: RHB Ray Burris
|
0-0: Ball 1-0: Called Strike 1-1: Foul Ball, location: 2F 1-2: Ball 2-2: Fly out, F7 (Line Drive, 7, EV 102.5 MPH)
|
Top of the 2nd over - 0 runs, 1 hit, 0 errors, 1 left on base; Chicago 0 - San Diego 7 |
BOTTOM OF THE 2ND |
San Diego Padres batting - Pitching for Chicago Cubs : RHP Ray Burris
|
Batting: LHB Tom Dunbar
|
0-0: Ball 1-0: Foul Ball, location: 2F 1-1: Fly out, F9 (Line Drive, 9, EV 96.9 MPH)
|
Batting: RHB Joel Youngblood
|
0-0: Ball 1-0: Foul Ball, location: 2F 1-1: SINGLE (Groundball, 6MD, EV 104.4 MPH)
|
Batting: LHB Jerry McDonald
|
0-0: Foul Ball, location: 2F 0-1: Fielders Choice at 2nd, 3-6 (Groundball, 34, EV 99.4 MPH)
|
Batting: LHB Darrell Porter
|
0-0: Ball 1-0: Called Strike 1-1: Ground out 4-3 (Groundball, 4, EV 83.1 MPH)
|
Bottom of the 2nd over - 0 runs, 1 hit, 0 errors, 1 left on base; Chicago 0 - San Diego 7 |
TOP OF THE 3RD |
Chicago Cubs batting - Pitching for San Diego Padres : LHP Ed Vande Berg
|
Batting: RHB Jim Rice
|
0-0: Swinging Strike 0-1: Ball 1-1: Ball 2-1: Swinging Strike 2-2: Foul Ball, location: 2F 2-2: Ball 3-2: Fly out, F7 (Flyball, 7LM, EV 75.6 MPH)
|
Batting: LHB Willie Gonzalez
|
0-0: Ball 1-0: Called Strike 1-1: Fly out, F8 (Flyball, 8LD, EV 93.8 MPH)
|
Batting: RHB Fran Mullins
|
0-0: Ball 1-0: Called Strike 1-1: SINGLE (Flyball, 89S, EV 92.5 MPH)
|
Batting: LHB Dave Bergman
|
0-0: Ball 1-0: Foul Ball, location: 2F 1-1: Fielders Choice at 2nd, 5-4 (Groundball, 5, EV 89.4 MPH)
|
Top of the 3rd over - 0 runs, 1 hit, 0 errors, 1 left on base; Chicago 0 - San Diego 7 |
BOTTOM OF THE 3RD |
San Diego Padres batting - Pitching for Chicago Cubs : RHP Ray Burris
|
Batting: RHB Mike Calise
|
0-0: Called Strike 0-1: Ball 1-1: Foul Ball, location: 2F 1-2: Foul Ball, location: 2F 1-2: Foul Ball, location: 2F 1-2: Ground out 6-3 (Groundball, 6, EV 100.6 MPH)
|
Batting: LHB Jeffrey Zitek
|
0-0: Ball 1-0: Called Strike 1-1: Swinging Strike 1-2: Ball 2-2: Ball 3-2: Strikes out swinging
|
Batting: RHB Ed Vande Berg
|
0-0: Called Strike 0-1: Ball 1-1: Foul Ball, location: 2F 1-2: Ball 2-2: Ball 3-2: Strikes out looking
|
Bottom of the 3rd over - 0 runs, 0 hits, 0 errors, 0 left on base; Chicago 0 - San Diego 7 |
TOP OF THE 4TH |
Chicago Cubs batting - Pitching for San Diego Padres : LHP Ed Vande Berg
|
Batting: RHB Gary Ward
|
0-0: Fly out, F9 (Flyball, 9S, EV 78.1 MPH)
|
Batting: RHB Bob Brenly
|
0-0: Called Strike 0-1: Ball 1-1: Ball 2-1: Fly out, F9 (Flyball, 9S, EV 68.8 MPH)
|
Batting: LHB Tom Lombarski
|
0-0: Ball 1-0: Ball 2-0: Called Strike 2-1: Foul Ball, location: 2F 2-2: Ball 3-2: Fly out, F8 (Flyball, 8LM, EV 93.8 MPH)
|
Top of the 4th over - 0 runs, 0 hits, 0 errors, 0 left on base; Chicago 0 - San Diego 7 |
BOTTOM OF THE 4TH |
San Diego Padres batting - Pitching for Chicago Cubs : RHP Ray Burris
|
Batting: RHB Bob Dernier
|
0-0: Foul Ball, location: 2F 0-1: Ball 1-1: Ball 2-1: Ground out 3-1 (Groundball, 34, EV 84.4 MPH)
|
Batting: RHB Dennis Dungy
|
0-0: Ball 1-0: Foul Ball, location: 2F 1-1: Ball 2-1: Foul Ball, location: 2F 2-2: Foul Ball, location: 2F 2-2: Ball 3-2: Reached on error, E1 (Groundball, 34S, EV 73.8 MPH)
|
Batting: LHB Tom Dunbar
|
0-0: Ground out 4-3 (Groundball, 4S, EV 88.8 MPH) Dennis Dungy to third
|
Batting: RHB Joel Youngblood
|
0-0: Swinging Strike 0-1: Called Strike 0-2: Ball 1-2: Strikes out looking
|
Bottom of the 4th over - 0 runs, 0 hits, 1 error, 1 left on base; Chicago 0 - San Diego 7 |
TOP OF THE 5TH |
Chicago Cubs batting - Pitching for San Diego Padres : LHP Ed Vande Berg
|
Pitching: LHP Jack W O'Connor
|
|
Batting: RHB Randy Ready
|
0-0: Called Strike 0-1: Called Strike 0-2: Foul Ball, location: 2F 0-2: Strikes out looking
|
Pinch Hitting: RHB Bill Madlock
|
0-0: Ball 1-0: Ground out U3 (Groundball, 34, EV 113.8 MPH)
|
Batting: RHB Jim Rice
|
0-0: Called Strike 0-1: Ball 1-1: Called Strike 1-2: SINGLE (Groundball, 56D, EV 109.4 MPH) (infield hit)
|
Batting: LHB Willie Gonzalez
|
0-0: Called Strike 0-1: Swinging Strike 0-2: Ball 1-2: Ball Jim Rice steals 2nd base (no throw) 2-2: Ground out 1-3 (Groundball, 23, EV 60.6 MPH)
|
Top of the 5th over - 0 runs, 1 hit, 0 errors, 1 left on base; Chicago 0 - San Diego 7 |
BOTTOM OF THE 5TH |
San Diego Padres batting - Pitching for Chicago Cubs : RHP Ray Burris
|
Pitching: RHP Tom Niedenfuer
|
|
Batting: LHB Jerry McDonald
|
0-0: Foul Ball, location: 2F 0-1: Ball 1-1: Fly out, F7 (Flyball, 78S, EV 90.0 MPH)
|
Batting: LHB Darrell Porter
|
0-0: Ball 1-0: SINGLE (Line Drive, 7LS, EV 103.1 MPH)
|
Batting: RHB Mike Calise
|
0-0: Fly out, F9 (Flyball, 9LM, EV 85.6 MPH)
|
Batting: LHB Jeffrey Zitek
|
0-0: Ball 1-0: SINGLE (Line Drive, 7S, EV 107.5 MPH) Darrell Porter to second
|
Batting: LHB Jack W O'Connor
|
0-0: Ball 1-0: Fly out, F9 (Flyball, 9S, EV 74.4 MPH)
|
Bottom of the 5th over - 0 runs, 2 hits, 0 errors, 2 left on base; Chicago 0 - San Diego 7 |
TOP OF THE 6TH |
Chicago Cubs batting - Pitching for San Diego Padres : LHP Jack W O'Connor
|
Batting: RHB Fran Mullins
|
0-0: Ground out 6-3 (Groundball, 6M, EV 86.9 MPH)
|
Batting: LHB Dave Bergman
|
0-0: Called Strike 0-1: Foul Ball, location: 2F 0-2: Ball 1-2: Foul Ball, location: 2F 1-2: Ball 2-2: Foul Ball, location: 2F 2-2: Fly out, F8 (Flyball, 8RXD, EV 98.8 MPH)
|
Batting: RHB Gary Ward
|
0-0: Ball 1-0: Foul Ball, location: 2F 1-1: Called Strike 1-2: Ball 2-2: Foul Ball, location: 2F 2-2: Ball 3-2: Base on Balls
|
Batting: RHB Bob Brenly
|
0-0: Ball 1-0: Called Strike 1-1: Ball 2-1: Ball 3-1: Ground out 4-3 (Groundball, 13, EV 83.8 MPH)
|
Top of the 6th over - 0 runs, 0 hits, 0 errors, 1 left on base; Chicago 0 - San Diego 7 |
BOTTOM OF THE 6TH |
San Diego Padres batting - Pitching for Chicago Cubs : RHP Tom Niedenfuer
|
Pinch Hitting: RHB Dave Edler
|
0-0: Called Strike 0-1: Foul Ball, location: 2F 0-2: Fly out, F8 (Flyball, 78D, EV 93.8 MPH)
|
Pinch Hitting: RHB Tommy Curran
|
0-0: Ball 1-0: Foul Ball, location: 2F 1-1: Foul Ball, location: 2F 1-2: Fly out, F8 (Flyball, 8LXD, EV 73.1 MPH)
|
Batting: LHB Tom Dunbar
|
0-0: Swinging Strike 0-1: SINGLE (Line Drive, 4D, EV 98.1 MPH)
|
Pinch Hitting: RHB Heriberto Soltero
|
0-0: Called Strike 0-1: DOUBLE (Line Drive, 8RXD, EV 104.4 MPH) Tom Dunbar to third Runner from 3rd tries for Home, SAFE, throw by CF to home
|
Pinch Hitting: LHB Chris Chambliss
|
0-0: Called Strike 0-1: Ball 1-1: Fly out, F7 (Line Drive, 78M, EV 98.1 MPH)
|
Bottom of the 6th over - 1 run, 2 hits, 0 errors, 1 left on base; Chicago 0 - San Diego 8 |
TOP OF THE 7TH |
Chicago Cubs batting - Pitching for San Diego Padres : LHP Jack W O'Connor
|
Now at 2B: Dave Edler
|
|
Now at 3B: Heriberto Soltero
|
|
Now in LF: Chris Chambliss
|
|
Now in RF: Tommy Curran
|
|
Batting: LHB Tom Lombarski
|
0-0: Called Strike 0-1: Called Strike 0-2: Ball 1-2: Fly out, F7 (Flyball, 7LS, EV 88.1 MPH)
|
Batting: RHB Randy Ready
|
0-0: Swinging Strike 0-1: Swinging Strike 0-2: Ball 1-2: Ball 2-2: Ball 3-2: Ground out U3 (Groundball, 34S, EV 88.8 MPH)
|
Batting: RHB Tom Niedenfuer
|
0-0: Ground out 4-3 (Groundball, 4, EV 86.9 MPH)
|
Top of the 7th over - 0 runs, 0 hits, 0 errors, 0 left on base; Chicago 0 - San Diego 8 |
BOTTOM OF THE 7TH |
San Diego Padres batting - Pitching for Chicago Cubs : RHP Tom Niedenfuer
|
Batting: LHB Darrell Porter
|
0-0: Ball 1-0: Ball 2-0: Ball 3-0: Base on Balls
|
Pinch Hitting: LHB Eric Attaway
|
0-0: Fly out, F2 (Popup, 25F, EV 88.8 MPH)
|
Batting: LHB Jeffrey Zitek
|
0-0: Fly out, F8 (Flyball, 78XD, EV 95.0 MPH)
|
Batting: LHB Jack W O'Connor
|
0-0: Fielders Choice at 2nd, 5-4 (Groundball, 5, EV 83.8 MPH)
|
Bottom of the 7th over - 0 runs, 0 hits, 0 errors, 1 left on base; Chicago 0 - San Diego 8 |
TOP OF THE 8TH |
Chicago Cubs batting - Pitching for San Diego Padres : LHP Jack W O'Connor
|
Now at 1B: Eric Attaway
|
|
Pinch Hitting: RHB Lonnie Smith
|
0-0: Ball 1-0: Ball 2-0: Foul Ball, location: 2F 2-1: Swinging Strike 2-2: Ball 3-2: Strikes out looking
|
Pinch Hitting: SHB Roy Smalley
|
0-0: Called Strike 0-1: Ball 1-1: Swinging Strike 1-2: Foul Ball, location: 2F 1-2: Strikes out looking
|
Pinch Hitting: LHB Johnny Grubb
|
0-0: Ball 1-0: Fly out, F9 (Flyball, 9D, EV 85.6 MPH)
|
Top of the 8th over - 0 runs, 0 hits, 0 errors, 0 left on base; Chicago 0 - San Diego 8 |
BOTTOM OF THE 8TH |
San Diego Padres batting - Pitching for Chicago Cubs : RHP Tom Niedenfuer
|
Now at 3B: Johnny Grubb
|
|
Now at SS: Roy Smalley
|
|
Now in RF: Lonnie Smith
|
|
Batting: RHB Dave Edler
|
0-0: Ball 1-0: Swinging Strike 1-1: Foul Ball, location: 2F 1-2: Ball 2-2: Ground out 6-3 (Groundball, 6, EV 106.3 MPH)
|
Batting: RHB Tommy Curran
|
0-0: Foul Ball, location: 2F 0-1: Ball 1-1: Ball 2-1: Foul Ball, location: 2F 2-2: DOUBLE (Line Drive, 9LM, EV 106.9 MPH)
|
Pitching: RHP Shikato Ueda
|
|
Batting: LHB Tom Dunbar
|
0-0: Ball 1-0: Ball 2-0: Swinging Strike 2-1: Ball 3-1: Called Strike 3-2: Base on Balls
|
Batting: RHB Heriberto Soltero
|
0-0: Fielders Choice at 2nd, 3-6 (Groundball, 34, EV 106.3 MPH) Tommy Curran to third
|
Batting: LHB Chris Chambliss
|
0-0: Ball 1-0: Ground out 4-3 (Groundball, 4, EV 103.8 MPH)
|
Bottom of the 8th over - 0 runs, 1 hit, 0 errors, 2 left on base; Chicago 0 - San Diego 8 |
TOP OF THE 9TH |
Chicago Cubs batting - Pitching for San Diego Padres : LHP Jack W O'Connor
|
Batting: LHB Dave Bergman
|
0-0: Ball 1-0: Ball 2-0: Called Strike 2-1: Called Strike 2-2: Strikes out swinging
|
Pitching: RHP David Sandoval
|
|
Pinch Hitting: LHB Gerald Perry
|
0-0: Fly out, F9 (Flyball, 9LS, EV 84.4 MPH)
|
Pinch Hitting: RHB Rick Cerone
|
0-0: Ball 1-0: Called Strike 1-1: Ball 2-1: Swinging Strike 2-2: Strikes out swinging
|
Top of the 9th over - 0 runs, 0 hits, 0 errors, 0 left on base; Chicago 0 - San Diego 8 |
|